 Dungeon Crawl Stone Soup version 0.29-a0-322-g68df515428 (webtiles) character file.

Game seed: 4711112082898438065

122 bande the Covered (level 5, -3/33 HPs)
             Began as a Gargoyle Fighter on Apr 7, 2022.
             Slain by an orc warrior
             ... wielding a +0 scimitar
              (8 damage)
             ... on level 2 of the Dungeon.
             The game lasted 00:04:54 (3150 turns).

bande the Covered (Gargoyle Fighter)                Turns: 3150, Time: 00:04:55

Health: -3/33      AC: 13    Str: 19    XL:     5   Next: 6%
Magic:  5/5        EV:  9    Int:  9    God:
Gold:   114        SH:  0    Dex: 11    Spells: 4/4 levels left

rFire   . . .      SeeInvis .   a - +0 war axe (spect)
rCold   . . .      Faith    .   c - +0 buckler
rNeg    + . .      Spirit   .   b - +0 scale mail
rPois   ∞          Reflect  .   o - +1 helmet
rElec   +          Harm     .   j - scarf {repulsion}
rCorr   .          Rampage  .   (no gloves)
Will    .....                   (no boots)
Stlth   ..........              (no amulet)
HPRegen 0.11/turn               (no ring)
MPRegen 0.09/turn               (no ring)

@: confused, ambrosia-drunk, repel missiles
A: sickness immunity, AC +4, negative energy resistance 1, electricity
resistance, torment resistance 1, petrification resistance
a: no special abilities


You were on level 2 of the Dungeon.
You visited 1 branch of the dungeon, and saw 3 of its levels.

You collected 114 gold pieces.

Inventory:

Hand Weapons
 a - a +0 spectral war axe (weapon)
Armour
 b - a +0 scale mail (worn)
 c - a +0 buckler (worn)
 j - a scarf of repulsion (worn)
 o - a +1 helmet (worn)
Jewellery
 i - a ring of positive energy
 l - a ring of fire
 q - a ring of magical power
Wands
 e - a wand of iceblast (4)
Scrolls
 f - a scroll of enchant armour
 g - 3 scrolls of brand weapon
 h - 3 scrolls of teleportation
Potions
 d - a potion of might
 k - a potion of invisibility
 n - a potion of resistance {unknown}
 p - a potion of lignification
 r - a potion of attraction {unknown}


   Skills:
 + Level 4.0 Fighting
 + Level 3.3 Axes
 + Level 4.1 Armour
 + Level 3.5 Shields
 * Level 0.6 Evocations


You had 4 spell levels left.
You didn't know any spells.
Your spell library was empty.

Dungeon Overview and Level Annotations

Branches:
Dungeon (3/15)

Altars:


Innate Abilities, Weirdness & Mutations

You are immune to sickness and miasma.
Your stone body is resilient. (AC +4)
You are immune to poison.
You resist negative energy. (rN+)
You are resistant to electric shocks. (rElec)
You are resistant to unholy torment.
You are immune to petrification.


Message History

The orc barely misses you.
The orc wizard gestures wildly while chanting.
The orc wizard flickers and vanishes!
Deactivating autopickup; reactivate with Ctrl-A.
You climb upwards.
Reactivating autopickup.
There is a stone staircase leading down here.
You closely miss the orc. The orc hits you but does no damage.
You slash the orc!
You kill the orc!
Things that are here:
a +0 hand axe; an orc corpse
Things that are here:
a +0 hand axe; an orc corpse
There is a stone staircase leading down here.
You start resting.
HP restored.
You start waiting.
Done waiting.
There is a stone staircase leading down here.
You climb downwards.
The orc warrior hits you with a +0 scimitar!
There is a stone staircase leading up here.
Unknown command.
The orc warrior hits you with a +0 scimitar!
You climb upwards.
There is a stone staircase leading down here.
You completely miss the orc warrior.
The orc warrior hits you with a +0 scimitar.
* * * LOW HITPOINT WARNING * * *
You slash the orc warrior!
The orc warrior is moderately wounded.
The orc warrior hits you with a +0 scimitar.
* * * LOW HITPOINT WARNING * * *
The orc warrior hits you with a +0 scimitar.
* * * LOW HITPOINT WARNING * * *
You are confused.
You feel invigorated.
The orc warrior hits you with a +0 scimitar!
You die...

#.##..#
#.##..########
#####<##.........#
)...))...#######.#
####.).### #.#
....)..# #.#
####)#.# #.# #.#.#
#)# #.#.# #@#
#.#.# #o# ##.#.#
#.# ##..#.# #.#
##.#.#.# #######.#
#.#....# #.......#
##...#.# #.#######
##....# #.# #.####
#.#


You could see an orc warrior.

Vanquished Creatures
  Crazy Yiuf (D:2)
  Natasha (D:2)
  Robin (D:2)
  An adder (D:2)
  An orc (D:2)
  8 ball pythons
  2 bats
  4 endoplasms
  9 goblins
  4 hobgoblins
  4 jackals (D:1)
  3 kobolds (D:1)
  A quokka (D:2)
  4 frilled lizards
  4 rats
48 creatures vanquished.

Vanquished Creatures (others)
  A demonic plant (D:1)
  4 toadstools (D:1)
5 creatures vanquished.

Grand Total: 53 creatures vanquished

Notes
Turn   | Place    | Note
-------+----------+-------------------------------------------
     0 | D:1      | bande the Gargoyle Fighter began the quest for the Orb.
     0 | D:1      | Reached XP level 1. HP: 14/14 MP: 1/1
   223 | D:1      | Reached XP level 2. HP: 12/19 MP: 2/2
  1105 | D:1      | Found a faded altar of an unknown god.
  1303 | D:1      | Reached XP level 3. HP: 23/24 MP: 3/3
  1427 | D:2      | Noticed Robin
  1439 | D:2      | Killed Robin
  1856 | D:2      | Identified the +0 leather armour of Okyucouharch {rF+}
  2094 | D:2      | Reached XP level 4. HP: 29/29 MP: 4/4
  2231 | D:2      | Found a runed translucent door.
  2232 | D:2      | Noticed Crazy Yiuf
  2370 | D:2      | Noticed Natasha
  2376 | D:2      | Killed Natasha
  2608 | D:2      | Killed Crazy Yiuf
  2609 | D:2      | Reached XP level 5. HP: 21/33 MP: 5/5
  3020 | D:3      | Noticed an orc warrior
  3149 | D:2      | HP: 1/33 [orc warrior/+0 scimitar (2)]
  3150 | D:2      | Slain by an orc warrior

Illustrated notes

Levels and vault maps discovered:
D:1:      ldierk_walled_garden_2, layout_loops_ring,
          shapermc_ecumenical_altar_gd, minmay_tiny_reverse_x
D:2:      layout_loops_ring, minmay_tetromino_o2, uniq_robin,
          uniq_crazy_yiuf_cottage, uniq_natasha
D:3:      layout_rooms

Skill      XL: |  1  2  3  4 |
---------------+-------------+-----
Axes           | 2 3 |  3.3
Armour         | 4 |  4.1
Fighting       | 4 |  4.0
Shields        | |  3.5
Evocations     | |  0.6

Action                   |  1- 3 |  4- 6 || total
-------------------------+-------+-------++-------
Melee: War axe           |    91 |    19 ||   110
  Use: Scroll            |     9 |       ||     9
       Potion            |       |     1 ||     1
Armor: Scale mail        |    58 |     7 ||    65
Dodge: Dodged            |    62 |     5 ||    67
Block: Buckler           |    19 |     5 ||    24

Table legend: (Time is in decaauts)
 A = Elapsed time spent in this place.
 B = Non-inter-level travel time spent in this place.
 C = Inter-level travel time spent in this place.
 D = Time resting spent in this place.
 E = Time spent auto-exploring this place.
 F = Levels seen in this place.
 G = Mean time per level.
                   A        B        C        D        E       F      G
               +--------+--------+--------+--------+--------+-----+--------+
         Total |   3202 |   3129 |     73 |    938 |   1584 |   3 | 1067.3 |
       Dungeon |   3202 |   3129 |     73 |    938 |   1584 |   3 | 1067.3 |
               +--------+--------+--------+--------+--------+-----+--------+

Top non-repeatable levels by time:
     D:2: 1766 daAuts
     D:1: 1431 daAuts
     D:3: 5 daAuts
